 Dungeon Crawl Stone Soup version 0.28-a0-1159-g27aa881441 (webtiles) character file.

Game seed: 11487901494444571776

128 BinkBink the Shield-Bearer (level 4, -1/37 HPs)
             Began as a Demigod Fighter on Dec 15, 2021.
             Succumbed to Edmund's poison
             ... on level 4 of the Dungeon.
             The game lasted 00:03:23 (3172 turns).

BinkBink the Shield-Bearer (Demigod Fighter)        Turns: 3172, Time: 00:03:24

Health: -1/37      AC: 14    Str: 17    XL:     4   Next: 58%
Magic:  6/6        EV: 10    Int: 10    God:
Gold:   106        SH:  5    Dex: 17    Spells: 3/3 levels left

rFire   + . .      SeeInvis .   a - +0 long sword
rCold   . . .      Faith    .   c - +0 buckler
rNeg    . . .      Spirit   .   d - +4 scale mail {rF+}
rPois   .          Reflect  .   (no helmet)
rElec   .          Harm     .   (no cloak)
rCorr   .          Rampage  .   (no gloves)
Will    +....                   (no boots)
Stlth   ..........              (no amulet)
HPRegen 0.12/turn               i - +4 ring of protection
MPRegen 0.10/turn               o - ring of willpower

@: lethally poisoned (-1 -> -20), flying
A: high mp 1, forlorn, divine attributes
a: no special abilities


You were on level 4 of the Dungeon.
You visited 1 branch of the dungeon, and saw 4 of its levels.

You collected 106 gold pieces.

Inventory:

Hand Weapons
 a - a +0 long sword (weapon)
Armour
 c - a +0 buckler (worn)
 d - a +4 scale mail of fire resistance (worn)
 e - a scarf of harm
Jewellery
 i - a +4 ring of protection (left hand)
 o - a ring of willpower (right hand)
Wands
 s - a wand of flame (16)
Scrolls
 b - a scroll of enchant armour {unknown}
 j - 2 scrolls of enchant weapon {unknown}
 k - 2 scrolls of identify {unknown}
 l - a scroll of noise {unknown}
 m - a scroll of fog {unknown}
 n - a scroll of silence {unknown}
 p - a scroll of magic mapping {unknown}
 q - a scroll of teleportation {unknown}
Potions
 g - a potion of curing {unknown}
 r - a potion of flight


   Skills:
 - Level 2.9 Fighting
 + Level 2.6 Long Blades
 + Level 3.3 Armour
 + Level 1.8 Dodging
 + Level 3.4 Shields


You had 3 spell levels left.
You didn't know any spells.
Your spell library contained the following spells:

 Spells                   Type           Power      Damage    Failure   Level
 Frozen Ramparts          Ice            0%         1d2       99%         3
 Ice Form                 Ice/Tmut       0%         N/A       100%        4
 Summon Ice Beast         Ice/Summ       0%         N/A       100%        4


Dungeon Overview and Level Annotations

Branches:
Dungeon (4/15)
 Temple: D:4-7

Annotations:
D:4 Edmund


Innate Abilities, Weirdness & Mutations

You have an increased reservoir of magic. (+10% MP)
You shall have no god before yourself.
Your divine heritage dramatically boosts your attributes as you level up.


Message History

Edmund hits you with a +0 dire flail of venom.
You are lethally poisoned!
Unknown command.
* * * LOW HITPOINT WARNING * * *
You feel very sick.
There is a stone staircase leading up here.
* * * LOW HITPOINT WARNING * * *
You feel very sick.
Found a scroll labelled FOMOEM MUFUS.
* * * LOW HITPOINT WARNING * * *
You feel sick.
* * * LOW HITPOINT WARNING * * *
You feel sick.
Edmund says, "I might not be good at magic, but I can still kill you!"
It was a potion of heal wounds.
You feel much better.
You feel sick. Edmund closely misses you.
You feel much better.
You feel sick.
Edmund hits you with a +0 dire flail of venom!
You are more poisoned.
You hit Edmund but do no damage.
Edmund is moderately wounded.
You feel very sick. Edmund barely misses you.
Edmund hits you with a +0 dire flail of venom.
You barely miss Edmund.
Edmund is moderately wounded.
You feel very sick. Edmund barely misses you.
You hit Edmund.
Edmund is moderately wounded.
You feel very sick. Edmund barely misses you.
It was a potion of flight.
You feel very buoyant.
You fly up into the air.
You feel sick.
Edmund hits you with a +0 dire flail of venom!
* * * LOW HITPOINT WARNING * * *
You are more poisoned.
It was a potion of magic.
Magic courses through your body.
You die...

....? # ......... ..
..... ... .# ..... #.#
##.## ....##.##
##...##
...[..###.....##
###.#...#.......###
#....@@....._.....#
######.#....##.......#
........<...###.....##
............#.##...##
........?...#.###.##
............#.#..<#
#####.......#.#...#
#.......#.#...#
#.......#.#...#


You could see Edmund.

Vanquished Creatures
  Terence (D:1)
  5 adders
  A worm (D:2)
  A dart slug (D:1)
  4 ball pythons
  4 endoplasms
  4 giant cockroaches
  3 goblins
  10 hobgoblins
  2 jackals (D:2)
  2 quokkas
  4 bats
  3 frilled lizards
  2 kobolds (D:3)
  5 rats
51 creatures vanquished.

Notes
Turn   | Place    | Note
-------+----------+-------------------------------------------
     0 | D:1      | BinkBink the Demigod Fighter began the quest for the Orb.
     0 | D:1      | Reached XP level 1. HP: 18/18 MP: 3/3
   372 | D:1      | Reached XP level 2. HP: 25/25 MP: 4/4
  1009 | D:2      | Noticed Terence
  1044 | D:1      | Reached skill level 1 in Dodging
  1044 | D:1      | Reached XP level 3. HP: 5/30 MP: 5/5
  1322 | D:1      | Killed Terence
  1953 | D:2      | Reached XP level 4. HP: 28/37 MP: 6/6
  3114 | D:4      | Noticed Edmund
  3172 | D:4      | Succumbed to Edmund's poison

Illustrated notes

Levels and vault maps discovered:
D:1:      dpeg_arrival_water_altar, layout_basic, minmay_misc_feat_doors,
          roderic_serpentine_path
D:2:      layout_basic, shapermc_ecumenical_altar_mp_vishouse, uniq_terence
D:3:      layout_rooms, minitemple
D:4:      layout_basic, lemuel_round_altar, uniq_edmund

Skill      XL: |  1  2 |
---------------+-------+-----
Long Blades    | 2 |  2.6
Armour         | 3 |  3.3
Dodging        | 1 |  1.8
Shields        | 3 |  3.4
Fighting       | |  2.9

Action                   |  1- 3 |  4- 6 || total
-------------------------+-------+-------++-------
Melee: Long sword        |   117 |    70 ||   187
  Use: Potion            |     1 |     4 ||     5
Armor: Scale mail        |    73 |    43 ||   116
Dodge: Dodged            |    58 |    33 ||    91
Block: Buckler           |    38 |    12 ||    50

Table legend: (Time is in decaauts)
 A = Elapsed time spent in this place.
 B = Non-inter-level travel time spent in this place.
 C = Inter-level travel time spent in this place.
 D = Time resting spent in this place.
 E = Time spent auto-exploring this place.
 F = Levels seen in this place.
 G = Mean time per level.
                   A        B        C        D        E       F      G
               +--------+--------+--------+--------+--------+-----+--------+
         Total |   3231 |   3123 |    108 |      0 |   2625 |   4 |  807.8 |
       Dungeon |   3231 |   3123 |    108 |      0 |   2625 |   4 |  807.8 |
               +--------+--------+--------+--------+--------+-----+--------+

Top non-repeatable levels by time:
     D:1: 1492 daAuts
     D:2: 899 daAuts
     D:3: 791 daAuts
     D:4: 48 daAuts
